 Dungeon Crawl Stone Soup version 0.14.2 (webtiles) character file.

23256 in250t the Spear-Bearer (level 12, -3/100 HPs)
             Began as a Demigod Wizard on Apr 2, 2015.
             Killed from afar by a frost giant (25 damage)
             ... with a bolt of cold
             ... in an ice cave.
             The game lasted 01:33:33 (18636 turns).

in250t the Spear-Bearer (Demigod Wizard)           Turns: 18636, Time: 01:33:33

HP  -3/100       AC 13     Str 16      XL: 12   Next: 34%
MP  16/24        EV 15     Int 28      God:
Gold 414         SH  0     Dex 15      Spells:  6 memorised,  5 levels left

rFire  . . .     SeeInvis .     G - +0,+1 halberd
rCold  + . .     Clarity  .     J - +2 ring mail of the Armoured One {rC+ rN+ MR+}
rNeg   + . .     Conserve .     (no shield)
rPois  +         rCorr    .     v - +0 helmet of the Cricket {rPois Dex-4}
rElec  .         rRot     .     L - +0 cloak
SustAb . .       Spirit   .     Q - +0 pair of gloves
rMut   .         Warding  .     (no boots)
Saprov . . .     Stasis   .     (no amulet)
MR     ++...                    H - +3 ring of dexterity
                                s - +4 ring of strength

@: about to teleport, very slightly contaminated, very resistant to hostile
enchantments, unstealthy
A: no striking features
a: no special abilities


You were in an ice cave.
You were hungry.

You visited 2 branches of the dungeon, and saw 12 of its levels.
You also visited: Ice Cave.

You collected 766 gold pieces.
You spent 352 gold pieces at shops.

Inventory:

Hand weapons
 z - a +4,+3 quarterstaff of chaos
 G - a +0,+1 halberd (weapon)
 V - the -1,+7 hand axe of Burekizxi {pain, rElec rF+}
   (You bought it in a shop on level 7 of the Dungeon)

   In the hands of one skilled in necromantic magic, it inflicts extra damage on
   living creatures.
   It protects you from fire.
   It insulates you from electricity.
Missiles
 K - 18 poisoned needles
Armour
 v - the +0 helmet of the Cricket (worn) {rPois Dex-4}
   (You found it on level 10 of the Dungeon)

   It affects your dexterity (-4).
   It protects you from poison.
 J - the +2 ring mail of the Armoured One (worn) {rC+ rN+ MR+}
   (You found it on level 7 of the Dungeon)

   It protects you from cold.
   It protects you from negative energy.
   It affects your resistance to hostile enchantments.
 L - a +0 cloak (worn)
 Q - a +0 pair of gloves (worn)
Magical devices
 a - a wand of draining (8)
 h - a wand of cold (5) {unknown}
 j - a wand of slowing (11) {unknown}
 k - a wand of fire (8) {unknown}
 l - a wand of fire (5) {unknown}
 E - a wand of digging (15)
Comestibles
 d - 10 bread rations
 f - an apple
 t - 8 cheeses
Scrolls
 e - 5 scrolls of remove curse
 g - 3 scrolls of amnesia
 i - 5 scrolls of identify
 r - 5 scrolls of teleportation
 M - a scroll of summoning {unknown}
 N - a scroll of magic mapping
Jewellery
 b - a +1 ring of intelligence {unknown}
 s - a +4 ring of strength (left hand)
 B - an uncursed ring of poison resistance
 H - a +3 ring of dexterity (right hand)
Potions
 n - a potion of haste
 u - 2 potions of heal wounds


   Skills:
 + Level 7.0 Fighting
 - Level 11.3 Polearms
 * Level 9.5 Armour
 * Level 10.1 Dodging
 - Level 1.7 Stealth
 - Level 3.0 Spellcasting
 - Level 4.4 Conjurations
   Level 0.8 Summonings
 - Level 0.8 Translocations


You had 5 spell levels left.
You knew the following spells:

 Your Spells              Type           Power        Failure   Level  Hunger
a - Magic Dart            Conj           ####         1%          1    None
b - Mephitic Cloud        Conj/Pois/Air  ##......     14%         3    ###....
c - Conjure Flame         Conj/Fire      ###.....     12%         3    ###....
d - Blink                 Tloc           N/A          10%         2    #......
e - Repel Missiles        Chrm/Air       #.....       14%         2    #......
f - Animate Skeleton      Necr           N/A          10%         1    None


Dungeon Overview and Level Annotations

Branches:
Dungeon (10/15)            Temple (0/1) D:4            Lair (2/8) D:9
    Orc: D:9-12

Shops:
D:7 =(}?(


Message History

Confirm with . or Enter, or press ? or * to list all spells.
Aiming: Mephitic Cloud
Press: ? - help, Shift-Dir - straight line, f - polar bear
Aim: a polar bear (severely wounded)
You miscast Mephitic Cloud.
You are very lightly contaminated with residual magic.
Your hair stands on end.
The polar bear barely misses you. The polar bear barely misses you.
The polar bear claws you but does no damage.
Read which item? (? for menu, Esc to quit)
As you read the scroll of teleportation, it crumbles to dust.
You feel strangely unstable. The polar bear bites you!
* * * LOW HITPOINT WARNING * * *
The polar bear claws you but does no damage.
The polar bear barely misses you. The frost giant casts a spell at you.
The bolt of cold hits the polar bear.
The polar bear resists.
The polar bear dies!
The bolt of cold hits you! You resist.
You die...

##########.#
#[:==#....... ###
#(@[%.## #.##
#[###C.# #####.)#
###..U##
###....###
#....U###...#....#
##..C###..####....
##...##..#####...
###..###.#.#####
#.ยง###...%.# #
###.#.#...##


You could see a frost giant.

Vanquished Creatures
  Josephine (D:10)
  Harold (Lair:1)
  2 death yaks (IceCv)
  A skeletal warrior (D:10)
  An ice statue (IceCv)
  A hill giant (D:10)
  The ghost of trelanon the Cruncher, an experienced VSGl of Cheibriados (D:8)
  A spiny frog (D:9)
  4 komodo dragons
  A fire drake (Lair:1)
  3 trolls (D:9)
  10 polar bears (IceCv)
  2 blink frogs (Lair:1)
  A two-headed ogre (D:10)
  A trapdoor spider (D:10)
  A human (D:7)
  2 shadows (D:10)
  22 yaks
  A hungry ghost (D:9)
  2 hippogriffs
  A hill giant zombie (D:10)
  A hill giant skeleton (D:10)
  13 wolves (IceCv)
  2 water moccasins
  3 porcupines (D:9)
  A phantom (D:9)
  An orc warrior (D:10)
  2 black bears (D:10)
  5 necrophages
  8 ogres
  6 ice beasts
  6 centaurs
  3 sky beasts
  2 crocodiles
  4 giant slugs
  A big kobold (D:8)
  10 giant frogs
  A komodo dragon skeleton (D:10)
  9 killer bees
  A troll zombie (D:10)
  3 scorpions
  A yak zombie (D:10)
  3 wights (D:10)
  A yak skeleton (Lair:1)
  An electric eel (Lair:2)
  A hippogriff skeleton (D:10)
  3 crimson imps
  2 goliath beetles
  2 orc priests
  A jelly (D:7)
  3 wolf skeletons (IceCv)
  Crazy Yiuf (D:5)
  7 orc wizards
  A centaur skeleton (D:6)
  An elf skeleton (D:10)
  5 hounds
  4 iguanas
  4 sheep (D:7)
  7 worker ants
  A hound zombie (D:10)
  2 ogre zombies
  An ogre skeleton (D:10)
  2 hound skeletons
  4 gnolls (D:5)
  3 worker ant zombies
  8 adders
  2 green rats
  A shadow imp (D:6)
  A steam dragon skeleton (D:8)
  4 giant mites
  2 white imps (Lair:2)
  2 worms
  6 giant geckos
  5 oozes
  35 orcs
  3 giant cockroaches
  16 hobgoblins
  4 jackals (D:3)
  22 kobolds
  9 quokkas
  21 bats
  7 giant newts
  23 goblins
  A hobgoblin skeleton (D:7)
  3 orc skeletons
  2 orc zombies
  12 rats
  4 ballistomycetes (D:9)
  A fungus (D:5)
397 creatures vanquished.

Vanquished Creatures (collateral kills)
  A hill giant (D:10)
  A polar bear (IceCv)
  2 blink frogs (Lair:1)
  2 flying skulls (D:10)
  6 yaks
  5 wolves (IceCv)
  A soldier ant (D:10)
  A porcupine (Lair:1)
  2 ice beasts (IceCv)
  A crocodile (Lair:1)
  A big kobold (D:10)
  A killer bee (D:10)
  An orc priest (D:10)
  A hound (Lair:1)
  A centaur skeleton (D:10)
  3 kobolds (D:10)
30 creatures vanquished.

Vanquished Creatures (others)
  A death yak skeleton (IceCv)
  2 polar bears (IceCv)
  A hill giant skeleton (D:10)
  A porcupine (D:9)
  A killer bee (D:10)
  6 yak skeletons (IceCv)
  A hippogriff skeleton (Lair:1)
  A polar bear skeleton (IceCv)
  2 wolf skeletons (IceCv)
  A giant frog skeleton (Lair:1)
  A two-headed ogre skeleton (D:10)
  A black bear skeleton (D:10)
  A big kobold skeleton (D:10)
  A crocodile skeleton (Lair:1)
  A necrophage skeleton (D:10)
  A hound skeleton (Lair:1)
  A giant gecko skeleton (Lair:1)
  A giant spore (D:9)
  2 kobold skeletons (D:10)
  5 orc skeletons (D:10)
32 creatures vanquished.

Grand Total: 459 creatures vanquished

Notes
Turn   | Place    | Note
--------------------------------------------------------------
     0 | D:1      | in250t, the Demigod Wizard, began the quest for the Orb.
     0 | D:1      | Reached XP level 1. HP: 14/14 MP: 4/4
   113 | D:1      | Reached skill level 3 in Spellcasting
   169 | D:1      | Reached skill level 1 in Conjurations
   724 | D:1      | Reached XP level 2. HP: 5/20 MP: 0/7
  1832 | D:1      | Reached XP level 3. HP: 26/26 MP: 2/9
  2618 | D:2      | Learned a level 3 spell: Mephitic Cloud
  2622 | D:2      | Learned a level 3 spell: Conjure Flame
  3142 | D:3      | Reached XP level 4. HP: 33/33 MP: 6/12
  3474 | D:3      | Reached skill level 4 in Conjurations
  3488 | D:3      | Reached XP level 5. HP: 13/38 MP: 2/14
  3861 | D:3      | Reached skill level 1 in Polearms
  4254 | D:4      | Found a staircase to the Ecumenical Temple.
  4953 | D:5      | Entered Level 5 of the Dungeon
  4999 | D:5      | Noticed a sky beast
  5018 | D:5      | Killed a sky beast
  5018 | D:5      | Reached XP level 6. HP: 45/45 MP: 4/16
  5268 | D:5      | Noticed an ogre
  5292 | D:5      | Killed an ogre
  5456 | D:5      | Found a basalt altar of Yredelemnul.
  5561 | D:5      | Reached skill level 5 in Polearms
  5561 | D:5      | Reached XP level 7. HP: 30/50 MP: 10/18
  6253 | D:5      | Noticed Crazy Yiuf
  6265 | D:5      | Killed Crazy Yiuf
  6265 | D:5      | Reached skill level 6 in Polearms
  6933 | D:6      | Reached skill level 7 in Polearms
  7221 | D:4      | Reached XP level 8. HP: 57/57 MP: 14/20
  7829 | D:7      | Reached skill level 8 in Polearms
  7847 | D:7      | Found Ezaalis' Antique Weapon Boutique.
  7859 | D:7      | Bought an ichor-stained hand axe for 232 gold pieces
  7860 | D:7      | Identified the -1,+7 hand axe of Burekizxi {pain, rElec rF+} (You bought it in a shop on level 7 of the Dungeon)
  8239 | D:7      | Found Eprud's Magic Scroll Emporium.
  8276 | D:7      | Learned a level 2 spell: Blink
  8279 | D:7      | Learned a level 2 spell: Repel Missiles
  8292 | D:7      | Found Ontix's Gadget Shoppe.
  8300 | D:7      | Bought a wand of draining (8) for 120 gold pieces
  8314 | D:7      | Found Esonlyna's Jewellery Boutique.
  8339 | D:7      | Found Ychabid's Weapon Shoppe.
  8420 | D:7      | Reached skill level 9 in Polearms
  8603 | D:7      | Got an emerald-encrusted ring mail
  8612 | D:7      | Identified the +2 ring mail of the Armoured One {rC+ rN+ MR+} (You found it on level 7 of the Dungeon)
  9065 | D:8      | Noticed a komodo dragon
  9076 | D:8      | Killed a komodo dragon
  9076 | D:8      | Reached skill level 10 in Polearms
  9076 | D:8      | Reached XP level 9. HP: 21/62 MP: 9/21
  9574 | D:8      | Noticed trelanon's ghost (experienced VSGl)
  9590 | D:8      | Killed trelanon's ghost
  9660 | D:8      | Reached skill level 11 in Polearms
  9836 | D:8      | Found an iron altar of Okawaru.
  9853 | D:8      | Found a glowing golden altar of the Shining One.
  9853 | D:8      | Found a sparkling altar of Nemelex Xobeh.
  9853 | D:8      | Found an ancient bone altar of Kikubaaqudgha.
  9854 | D:8      | Found a burning altar of Makhleb.
  9962 | D:8      | Found a white marble altar of Elyvilon.
 10108 | D:8      | Reached skill level 1 in Armour
 10572 | D:9      | Found a staircase to the Lair.
 10594 | D:9      | Reached skill level 1 in Fighting
 11215 | D:9      | Got a fine leather armour
 11225 | D:9      | Identified the cursed -2 leather armour of Afuohiong {rPois SInv} (You found it on level 9 of the Dungeon)
 11399 | D:9      | Reached XP level 10. HP: 67/74 MP: 19/22
 11660 | D:10     | Entered Level 10 of the Dungeon
 11690 | D:10     | Noticed a hill giant
 11737 | D:10     | Killed a hill giant
 11752 | D:10     | Learned a level 1 spell: Animate Skeleton
 11908 | D:10     | Reached skill level 5 in Dodging
 11974 | D:10     | Noticed a hill giant
 11982 | D:10     | Killed a hill giant
 12097 | D:10     | Noticed a skeletal warrior
 12104 | D:10     | Reached skill level 5 in Armour
 12475 | D:10     | Killed a skeletal warrior
 12515 | D:10     | Got an ichor-stained helmet
 12519 | D:10     | Identified the +0 helmet of the Cricket {rPois Dex-4} (You found it on level 10 of the Dungeon)
 12526 | D:10     | Noticed Josephine
 13098 | D:10     | Killed Josephine
 13098 | D:10     | Reached XP level 11. HP: 52/85 MP: 1/23
 13957 | Lair:1   | Entered Level 1 of the Lair of Beasts
 14146 | D:9      | Reached skill level 5 in Fighting
 14493 | Lair:1   | Noticed Harold
 14514 | Lair:1   | Killed Harold
 16109 | Lair:2   | Found a frozen archway.
 16153 | IceCv    | Entered an ice cave
 16806 | IceCv    | Noticed a death yak
 16848 | IceCv    | Killed a death yak
 17167 | IceCv    | Reached XP level 12. HP: 84/96 MP: 22/24
 17935 | IceCv    | Noticed a death yak
 17973 | IceCv    | Killed a death yak
 17973 | IceCv    | Reached skill level 10 in Dodging
 18261 | IceCv    | Noticed a frost giant
 18636 | IceCv    | Killed from afar by a frost giant

Action                   |  1- 3 |  4- 6 |  7- 9 | 10-12 || total
-------------------------+-------+-------+-------+-------++-------
Melee: Unarmed           |    10 |       |       |       ||    10
       Halberd           |     2 |    75 |   427 |   857 ||  1361
 Cast: Magic Dart        |   151 |   106 |   110 |    48 ||   415
       Mephitic Cloud    |       |    13 |    31 |    58 ||   102
       Conjure Flame     |       |     2 |    24 |    39 ||    65
       Repel Missiles    |       |       |     1 |       ||     1
       Blink             |       |       |     5 |    17 ||    22
       Animate Skeleton  |       |       |       |    40 ||    40
Evoke: Wand              |       |       |       |     2 ||     2
  Use: Potion            |       |     3 |       |     6 ||     9
       Scroll            |       |     1 |    18 |     8 ||    27
 Stab: Confused          |       |     8 |    20 |    58 ||    86
       Sleeping          |       |     1 |     1 |       ||     2
       Distracted        |       |       |       |     3 ||     3
